 Dungeon Crawl Stone Soup version 0.29-a0-555-g3b24f45cc1 (webtiles) character file.

Game seed: 10395384337571665212

4 Meatmasher the Grave Robber (level 1, 0/14 HPs)
             Began as a Ghoul Necromancer on June 8, 2022.
             Slain by a frilled lizard (2 damage)
             ... on level 1 of the Dungeon.
             The game lasted 00:01:41 (101 turns).

Meatmasher the Grave Robber (Ghoul Necromancer)      Turns: 101, Time: 00:01:41

Health: 0/14       AC:  2    Str: 11    XL:     1   Next: 70%
Magic:  1/2        EV: 12    Int: 10    God:
Gold:   0          SH:  0    Dex:  9    Spells: 2/3 levels left

rFire   . . .      SeeInvis .   (no weapon)
rCold   + . .      Faith    .   (no shield)
rNeg    + + +      Spirit   .   a - +0 robe
rPois   ∞          Reflect  .   (no helmet)
rElec   .          Harm     .   (no cloak)
rCorr   .          Rampage  .   (no gloves)
Will    .....                   (no boots)
Stlth   ++........              (no amulet)
HPRegen 0.00/turn               (no ring)
MPRegen 0.08/turn               (no ring)

@: inhibited regen
A: claws 1, cold resistance 1, negative energy resistance 3, inhibited
regeneration, torment resistance 2, devour on kill
a: no special abilities


You were on level 1 of the Dungeon.
You visited 1 branch of the dungeon, and saw 1 of its levels.

Inventory:

Armour
 a - a +0 robe (worn)
Magical Staves
 c - a staff of fire
Potions
 b - a potion of magic


   Skills:
 + Level 1.7 Dodging
 + Level 2.1 Stealth
 + Level 1.9 Spellcasting
 + Level 4.2 Necromancy


You had 2 spell levels left.
You knew the following spells:

 Your Spells              Type           Power      Damage    Failure   Level
a - Necrotize             Necr           36%        1d5       5%          1

Your spell library contained the following spells:

 Spells                   Type           Power      Damage    Failure   Level
 Vampiric Draining        Necr           9%         2d6       17%         3
 Animate Dead             Necr           9%         N/A       50%         4
 Agony                    Necr           9%         N/A       83%         5


Dungeon Overview and Level Annotations

Branches:
Dungeon (1/15)

Altars:


Innate Abilities, Weirdness & Mutations

You are immune to poison.
You have sharp fingernails.
Your flesh is cold resistant. (rC+)
You are immune to negative energy. (rN+++)
You do not regenerate when monsters are visible.
You are immune to unholy pain and torment.
You thrive by killing the living.


Message History

The frilled lizard bites your frilled lizard skeleton.
Something bites your frilled lizard skeleton.
Your frilled lizard skeleton is destroyed!
The frilled lizard completely misses your frilled lizard skeleton.
The frilled lizard bites your frilled lizard skeleton.
Things that are here:
a frilled lizard corpse; a frilled lizard corpse You barely miss the frilled lizard.
Your frilled lizard skeleton barely misses the frilled lizard.
The frilled lizard bites your frilled lizard skeleton.
The frilled lizard bites you.
You miss the frilled lizard. Your claw misses the frilled lizard.
Your frilled lizard skeleton barely misses the frilled lizard.
The frilled lizard bites your frilled lizard skeleton.
Your frilled lizard skeleton is destroyed!
You closely miss the frilled lizard. The frilled lizard barely misses you.
You barely miss the frilled lizard. The frilled lizard barely misses you.
The frilled lizard closely misses you.
You barely miss the frilled lizard.
The frilled lizard bites you but does no damage.
The frilled lizard bites you.
You closely miss the frilled lizard. The frilled lizard bites you.
The frilled lizard closely misses you.
You miss the frilled lizard.
The frilled lizard is heavily wounded.
The frilled lizard closely misses you. The frilled lizard barely misses you.
You barely miss the frilled lizard.
The frilled lizard is heavily wounded.
The frilled lizard closely misses you. x2
You closely miss the frilled lizard. The frilled lizard bites you.
The frilled lizard misses you.
You closely miss the frilled lizard.
The frilled lizard completely misses you.
The frilled lizard bites you.
* * * LOW HITPOINT WARNING * * *
You closely miss the frilled lizard. The frilled lizard misses you.
The frilled lizard bites you.
* * * LOW HITPOINT WARNING * * *
You closely miss the frilled lizard. The frilled lizard bites you.
You die...

##. #.....#######
...## #.###.#.....#
##...# #.#......##.#
......##.#####..##.#
.≈≈≈≈..#.#......##.#
≈≈≈≈≈≈...#.#.#.###.#
≈≈≈≈≈≈.###.#.#.....#
≈≈≈≈≈lll.....#######
.≈≈≈≈.#@##.### .....
#.#.... ####
#......# #.#..###
######


You could see 3 frilled lizards.

Vanquished Creatures
  A ball python (D:1)
  4 frilled lizards (D:1)
5 creatures vanquished.

Vanquished Creatures (collateral kills)
  A frilled lizard (D:1)
1 creature vanquished.

Grand Total: 6 creatures vanquished

Notes
Turn   | Place    | Note
-------+----------+-------------------------------------------
     0 | D:1      | Meatmasher the Ghoul Necromancer began the quest for the
                  | Orb.
     0 | D:1      | Reached XP level 1. HP: 14/14 MP: 2/2
   101 | D:1      | Slain by a frilled lizard

Illustrated notes

Levels and vault maps discovered:
D:1:      nagdon_arrival_zigzag_paths, layout_basic, minmay_liquid_box,
          corner_web_ring, minmay_gold_behind_fungi, hangedman_decor_opposing,
          st_stairs_13, hangedman_decor_clover_reticule, minmay_lizard_pond

Action                   || total
-------------------------++-------
Melee: Unarmed           ||    27
 Cast: Necrotize         ||     2
Armor: Robe              ||     5
Dodge: Dodged            ||    27

Table legend: (Time is in decaauts)
 A = Elapsed time spent in this place.
 B = Non-inter-level travel time spent in this place.
 C = Inter-level travel time spent in this place.
 D = Time resting spent in this place.
 E = Time spent auto-exploring this place.
 F = Levels seen in this place.
 G = Mean time per level.
                   A        B        C        D        E       F      G
               +--------+--------+--------+--------+--------+-----+--------+
         Total |    101 |     43 |     58 |      0 |      0 |   1 |  101.0 |
       Dungeon |    101 |     43 |     58 |      0 |      0 |   1 |  101.0 |
               +--------+--------+--------+--------+--------+-----+--------+

Top non-repeatable levels by time:
     D:1: 101 daAuts
